[Event "Titled Tuesday Blitz January 10 Early 2023"]
[White "Horvath, Dominik"]
[Black "Perez Rodriguez, Luis Manuel"]
[WhiteFideId "1642561"]
[BlackFideId "3503364"]
[WhiteElo "2523"]
[BlackElo "2329"]
[Result "0-1"]
[Round "07"]
[TimeControl "180+2"]
[Date "2023.01.10"]
[WhiteClock "0:01:12"]
[BlackClock "0:00:23"]

1. f4 d5 2. Nf3 g6 3. d3 Bg7 4. Nbd2 c5 5. e4 Nc6 6. e5 f6 7. exf6 exf6 8. Be2 Nge7 9. O-O O-O 10. c3 b6 11. a3 a5 12. a4 Re8 13. Re1 Nf5 14. Nf1 Ra7 15. d4 cxd4 16. Bb5 Rxe1 17. Qxe1 Re7 18. Qf2 Qd6 19. Bxc6 Qxc6 20. Nxd4 Nxd4 21. Qxd4 Re1 22. Kf2 Re4 23. Qd1 Ba6 24. Ng3 Qc5+ 25. Kf3 Re8 26. f5 d4 27. Qxd4 Qc6+ 28. Kf2 Bf8 29. b4 axb4 30. cxb4 Qc2+ 31. Bd2 gxf5 32. Rc1 Qxa4 33. Qd5+ Kh8 34. Qxf5 Qa2 35. Rc7 Qxd2+ 36. Kf3 Be2+ 37. Nxe2 Qxe2+ 38. Kg3 Bd6+ 39. Kh4 Bxc7 40. Qxf6+ Kg8 41. Qg5+ Kf7 42. Qf5+ Ke7 43. Qg5+ Kd7 44. Qd5+ Bd6 45. Qb7+ Ke6 46. g4 Qxh2+ 47. Kg5 Qf4+ 48. Kh4 Qh6# 0-1


[Site "https://www.chess.com"]

[Event "Titled Tuesday Blitz January 10 Early 2023"]
[White "Najdin, Danil"]
[Black "Ioannidis, Evgenios"]
[WhiteFideId "4172426"]
[BlackFideId "4229274"]
[WhiteElo "2235"]
[BlackElo "2467"]
[Result "1-0"]
[Round "07"]
[TimeControl "180+2"]
[Date "2023.01.10"]
[WhiteClock "0:00:45"]
[BlackClock "0:00:15"]

1. e4 e5 2. Nf3 Nc6 3. Nc3 Nf6 4. Bb5 Nd4 5. Nxd4 exd4 6. e5 dxc3 7. exf6 Qxf6 8. dxc3 Qe5+ 9. Qe2 Qxe2+ 10. Bxe2 d5 11. c4 Be6 12. Bf3 O-O-O 13. cxd5 Bxd5 14. Bxd5 Rxd5 15. Be3 Bd6 16. Rd1 Rb5 17. b3 Bb4+ 18. Ke2 Re8 19. Rd4 Bc3 20. Rd3 Rc5 21. Rhd1 Rc6 22. Rd7 f5 23. Kf3 h6 24. Rf7 Bf6 25. c4 g5 26. h3 f4 27. Bc1 b6 28. Ba3 b5 29. cxb5 Rc2 30. Rc1 Rxc1 31. Bxc1 Re6 32. Kg4 Bd4 33. Kf3 Re5 34. a4 Rxb5 35. axb5 1-0


[Site "https://www.chess.com"]

[Event "Titled Tuesday Blitz January 10 Early 2023"]
[White "Maksimovic, Bojan"]
[Black "Ladan, Nicholas"]
[WhiteFideId "14408120"]
[BlackFideId "30918855"]
[WhiteElo "2486"]
[BlackElo "2228"]
[Result "1-0"]
[Round "07"]
[TimeControl "180+2"]
[Date "2023.01.10"]
[WhiteClock "0:00:14"]
[BlackClock "0:00:08"]

1. e4 e5 2. Nf3 Nc6 3. Bb5 a6 4. Ba4 Bc5 5. c3 Nge7 6. d4 exd4 7. cxd4 Bb4+ 8. Bd2 Bxd2+ 9. Nbxd2 d5 10. e5 O-O 11. O-O Bg4 12. h3 Bh5 13. Bxc6 Nxc6 14. Qb3 Rb8 15. Rfe1 Qd7 16. Rac1 Nd8 17. Qe3 Ne6 18. Ng5 Nxg5 19. Qxg5 Bg6 20. Qe3 c6 21. b4 Qf5 22. Nb3 Rfe8 23. a4 Qd3 24. Qxd3 Bxd3 25. Nc5 Bc4 26. a5 b6 27. Nd7 Rb7 28. Nxb6 Bb5 29. f4 Kf8 30. g4 g6 31. Kf2 Ke7 32. Kg3 Rbb8 33. Rc3 h5 34. gxh5 gxh5 35. Kh4 Rg8 36. Rg3 Rxg3 37. Kxg3 Rg8+ 38. Kh4 Ke6 39. Rd1 Rg2 40. Nc8 Rb2 41. Nd6 Rxb4 42. f5+ Ke7 43. Kg5 Rb2 44. Nxb5 Rxb5 45. Rc1 Kd7 46. Kf6 Rxa5 47. Kxf7 Ra4 48. e6+ 1-0


[Site "https://www.chess.com"]

[Event "Titled Tuesday Blitz January 10 Early 2023"]
[White "Jovic, Stanoje"]
[Black "Acor, Corey"]
[WhiteFideId "905020"]
[BlackFideId "2024861"]
[WhiteElo "2075"]
[BlackElo "2216"]
[Result "1-0"]
[Round "07"]
[TimeControl "180+2"]
[Date "2023.01.10"]
[WhiteClock "0:00:16"]
[BlackClock "0:00:02"]

1. c4 e5 2. g3 Nc6 3. Bg2 g6 4. Nc3 Bg7 5. Nf3 d6 6. O-O Be6 7. d3 h6 8. Rb1 f5 9. Bd2 Nf6 10. b4 Qd7 11. b5 Nd8 12. a4 O-O 13. Qc1 g5 14. Rd1 f4 15. Ne4 Nxe4 16. dxe4 b6 17. Bb4 Qf7 18. c5 bxc5 19. Be1 Rb8 20. a5 Bb3 21. Rd2 Rxb5 22. Rdb2 c4 23. Nd2 c6 24. Qc3 d5 25. Nxb3 cxb3 26. Rxb3 d4 27. Qd3 a6 28. Rxb5 cxb5 29. Rc1 Qd7 30. Qb3+ Kh8 31. Qd5 Qe7 32. Qa8 Qd6 33. Qa7 d3 34. exd3 Qxd3 35. Qxa6 fxg3 36. hxg3 g4 37. Bf1 Qxe4 38. Qxb5 Ne6 39. Qc6 Qf5 40. Qd7 Qf6 41. Rc6 Qf3 42. Rxe6 Qb3 43. Re8 Qb1 44. Rxf8+ Bxf8 45. Qf7 Bg7 46. Bd2 Qe4 47. a6 Qc6 48. a7 Qf3 49. Bg2 Qxf7 50. a8=Q+ Bf8 51. Bb4 Kg7 52. Qxf8+ Qxf8 53. Bxf8+ Kxf8 54. Kf1 Kg7 55. Ke2 Kf6 56. Ke3 Kg5 57. Ke4 Kf6 58. Bf1 Ke6 59. Be2 h5 60. Bc4+ Kf6 61. Bb3 Kg5 62. Kxe5 h4 63. Kd4 h3 64. Bd5 Kf5 65. Bh1 Kf6 66. Ke4 Kg5 67. Ke5 h2 68. Ke4 Kg6 69. Kf4 Kh5 70. Kf5 1-0


[Site "https://www.chess.com"]

[Event "Titled Tuesday Blitz January 10 Early 2023"]
[White "Kazancev, Valerij M"]
[Black "Starozhilov, Leonid"]
[WhiteFideId "4179609"]
[BlackFideId "14106752"]
[WhiteElo "2313"]
[BlackElo "2313"]
[Result "1-0"]
[Round "07"]
[TimeControl "180+2"]
[Date "2023.01.10"]
[WhiteClock "0:00:07"]
[BlackClock "0:00:02"]

1. c4 Nf6 2. g3 g6 3. Bg2 Bg7 4. Nc3 O-O 5. e3 d6 6. Nge2 c5 7. a3 Nc6 8. Rb1 a5 9. d3 Ne8 10. h4 h5 11. Nf4 Nc7 12. O-O Rb8 13. Bd2 Ne5 14. Qa4 b6 15. d4 Bd7 16. Qb3 cxd4 17. exd4 Nc6 18. d5 Nd4 19. Qd1 b5 20. Ne4 bxc4 21. Bxa5 Qc8 22. Re1 Bg4 23. Qa4 Ra8 24. Ng5 Nb3 25. Rxe7 Rxa5 26. Qxc4 Nd2 27. Qc2 Nxd5 28. Qxd2 Nxe7 29. Qxa5 Qc2 30. Re1 Nc6 31. Qd5 Ne5 32. Be4 Qxb2 33. Nxg6 Qc3 34. Re3 Qc1+ 35. Kh2 Be6 36. Nxe6 f6 37. Nexf8+ 1-0


[Site "https://www.chess.com"]

[Event "Titled Tuesday Blitz January 10 Early 2023"]
[White "Fernandez Garcia, Gumersindo"]
[Black "Orozbaev, Eldiar"]
[WhiteFideId "24516740"]
[BlackFideId "13802240"]
[WhiteElo "2160"]
[BlackElo "2235"]
[Result "0-1"]
[Round "07"]
[TimeControl "180+2"]
[Date "2023.01.10"]
[WhiteClock "0:00:08"]
[BlackClock "0:00:53"]

1. d4 Nf6 2. c4 e6 3. Nf3 d5 4. g3 Be7 5. Bg2 O-O 6. Qc2 c6 7. Nbd2 b6 8. O-O Bb7 9. e4 Na6 10. a3 Rc8 11. Rd1 c5 12. e5 Ne8 13. dxc5 bxc5 14. cxd5 exd5 15. Ne4 h6 16. Nc3 d4 17. Ne4 Qb6 18. Nfd2 Nac7 19. Nc4 Qg6 20. Qe2 Ba6 21. Qc2 Ne6 22. Bd2 N8c7 23. Rac1 Rfd8 24. Ned6 Qxc2 25. Rxc2 Bxd6 26. Nxd6 Rb8 27. Ba5 Rd7 28. f4 d3 29. Rcd2 Nd4 30. Bc3 Ne2+ 31. Kf2 Nxc3 32. bxc3 c4 33. Bc6 Rdd8 34. Ke3 Rb3 35. f5 Rxc3 36. Rb1 Rxa3 37. Be4 Ra5 38. Kf4 Nd5+ 39. Bxd5 Rxd5 40. Ra1 c3 41. Rdd1 c2 42. Rg1 d2 0-1


[Site "https://www.chess.com"]

[Event "Titled Tuesday Blitz January 10 Early 2023"]
[White "Blohberger, Felix"]
[Black "Sai Han Thiha"]
[WhiteFideId "1632051"]
[BlackFideId "13012290"]
[WhiteElo "2501"]
[BlackElo "2070"]
[Result "0-1"]
[Round "07"]
[TimeControl "180+2"]
[Date "2023.01.10"]
[WhiteClock "0:00:49"]
[BlackClock "0:00:37"]

1. f4 Nf6 2. Nf3 c5 3. b3 d5 4. e3 Bf5 5. Bb2 e6 6. Bb5+ Nbd7 7. O-O Be7 8. d3 O-O 9. Bxd7 Nxd7 10. Nbd2 Bf6 11. Bxf6 Nxf6 12. Ne5 h6 13. Qf3 Bh7 14. g4 Nd7 15. Nxd7 Qxd7 16. h4 b5 17. h5 c4 18. bxc4 bxc4 19. dxc4 Bxc2 20. cxd5 exd5 21. Rac1 Rac8 22. Rf2 Be4 23. Qd1 Rxc1 24. Qxc1 Qxg4+ 25. Kf1 Rc8 26. Qa3 Qd1# 0-1


[Site "https://www.chess.com"]

[Event "Titled Tuesday Blitz January 10 Early 2023"]
[White "Golizadeh, Asghar"]
[Black "Seo, Jung Min"]
[WhiteFideId "12505269"]
[BlackFideId "1734687"]
[WhiteElo "2455"]
[BlackElo "2494"]
[Result "0-1"]
[Round "07"]
[TimeControl "180+2"]
[Date "2023.01.10"]
[WhiteClock "0:00:04"]
[BlackClock "0:00:47"]

1. e4 c6 2. Nc3 d5 3. Nf3 dxe4 4. Nxe4 Nf6 5. Qe2 Nxe4 6. Qxe4 Nd7 7. Bc4 Nf6 8. Ne5 e6 9. Qe2 b5 10. Nxc6 Qc7 11. Bxb5 a6 12. Ba4 Bd7 13. Qc4 Nd5 14. d3 Nb6 15. Bf4 Qc8 16. Qe4 Nxa4 17. Ne5 Nc5 18. Qf3 Be7 19. Bg5 Rf8 20. Bxe7 Kxe7 21. Qe3 f6 22. Nc4 Qc7 23. d4 Nb7 24. Nd2 Qxc2 25. O-O Rfc8 26. Qa3+ Kf7 27. Nf3 Qc6 28. Rfe1 Kg8 29. d5 Qxd5 30. Rad1 Qc6 31. Nd4 Qc5 32. Qf3 Qd5 33. Qg3 Qg5 34. Qf3 Nd8 35. g3 Qg6 36. Ne2 Qf7 37. Nf4 Bc6 38. Qa3 e5 39. Nd3 Ne6 40. f4 Nd4 41. Re3 Qd5 42. Kf1 Qg2+ 43. Ke1 Nc2# 0-1


[Site "https://www.chess.com"]

[Event "Titled Tuesday Blitz January 10 Early 2023"]
[White "Hambleton, Aman"]
[Black "Torres Dominguez, David"]
[WhiteFideId "2606577"]
[BlackFideId "2220857"]
[WhiteElo "2420"]
[BlackElo "1994"]
[Result "1-0"]
[Round "07"]
[TimeControl "180+2"]
[Date "2023.01.10"]
[WhiteClock "0:00:03"]
[BlackClock "0:00:01"]

1. d4 e5 2. dxe5 d6 3. exd6 Bxd6 4. Nc3 Nc6 5. Nb5 Bb4+ 6. c3 Qxd1+ 7. Kxd1 Ba5 8. Bf4 Kd8 9. Nf3 Nf6 10. e3 Nd5 11. Bg3 a6 12. Nbd4 Nxd4 13. cxd4 f6 14. Bc4 c6 15. Ke2 Be6 16. Rac1 Ke7 17. a3 Rhe8 18. Rhd1 Rad8 19. Kf1 Kf7 20. Bd3 g6 21. h3 Bf5 22. Bxf5 gxf5 23. Ng1 Rd7 24. Ne2 Rdd8 25. Nf4 Rd7 26. Nxd5 Rxd5 27. Bf4 Re7 28. g3 Bc7 29. Bxc7 Rxc7 30. Ke2 Re7 31. Kf3 Re4 32. Rd3 Rb5 33. b4 h6 34. Rc5 Rxc5 35. bxc5 Re7 36. d5 cxd5 37. Rxd5 Re6 38. Rxf5 Rc6 39. e4 Kg6 40. Kf4 Re6 41. f3 h5 42. h4 1-0


[Site "https://www.chess.com"]

[Event "Titled Tuesday Blitz January 10 Early 2023"]
[White "Pranav, V"]
[Black "Sovetbekova, Nurai"]
[WhiteFideId "25060783"]
[BlackFideId "13801910"]
[WhiteElo "2597"]
[BlackElo "1764"]
[Result "1-0"]
[Round "07"]
[TimeControl "180+2"]
[Date "2023.01.10"]
[WhiteClock "0:02:00"]
[BlackClock "0:01:26"]

1. e4 c5 2. Nf3 d6 3. c3 Nf6 4. Be2 Nc6 5. d4 cxd4 6. cxd4 g6 7. Nc3 Bg7 8. O-O O-O 9. h3 e5 10. d5 Ne7 11. Be3 a6 12. a4 Ne8 13. a5 f5 14. Bb6 Qd7 15. Rc1 fxe4 16. Nxe4 Nf5 17. Nfg5 Qe7 18. Ne6 Bxe6 19. dxe6 Kh8 20. Qd5 Nf6 21. Nxf6 Rxf6 22. Rc7 Qxe6 23. Qxb7 Rg8 24. Bc4 Qe8 25. Bxg8 Qxg8 26. Rc8 Bf8 27. Qxa6 Nh4 28. Qc4 Qg7 29. Qxh4 1-0


[Site "https://www.chess.com"]

[Event "Titled Tuesday Blitz January 10 Early 2023"]
[White "Maksimenko, Viktor"]
[Black "Dvirnyy, Danyyil"]
[WhiteFideId "13710478"]
[BlackFideId "817570"]
[WhiteElo "2196"]
[BlackElo "2541"]
[Result "0-1"]
[Round "07"]
[TimeControl "180+2"]
[Date "2023.01.10"]
[WhiteClock "0:00:01"]
[BlackClock "0:01:20"]

1. d4 Nf6 2. c4 e6 3. Nf3 d5 4. g3 dxc4 5. Bg2 c6 6. Ne5 Bb4+ 7. Nc3 Nd5 8. Bd2 b5 9. O-O O-O 10. a4 Bxc3 11. bxc3 a5 12. e4 Ne7 13. h4 f6 14. Ng4 e5 15. Be3 Na6 16. h5 exd4 17. cxd4 Nb4 18. axb5 cxb5 19. h6 g6 20. d5 Nd3 21. Bd4 Bxg4 22. Qxg4 Ra6 23. f4 f5 24. Qe2 fxe4 25. Bxe4 Nf5 26. Bf2 Re8 27. Qf3 Nxf2 28. Rxf2 Qf6 29. Rd1 Nd6 30. Bb1 b4 31. g4 c3 32. g5 Qf7 33. f5 gxf5 34. g6 hxg6 35. h7+ Kh8 36. Qf4 b3 37. Qd4+ Qg7 38. Qc4 Nxc4 0-1


[Site "https://www.chess.com"]

[Event "Titled Tuesday Blitz January 10 Early 2023"]
[White "Dardha, Daniel"]
[Black "Sourath Biswas"]
[WhiteFideId "240990"]
[BlackFideId "35091484"]
[WhiteElo "2631"]
[BlackElo "2281"]
[Result "1-0"]
[Round "07"]
[TimeControl "180+2"]
[Date "2023.01.10"]
[WhiteClock "0:01:10"]
[BlackClock "0:00:02"]

1. Na3 d5 2. c3 c5 3. Nc2 Nf6 4. d4 b6 5. g3 Bb7 6. Ne3 e6 7. Ng2 Bd6 8. Bf4 Nc6 9. Nf3 O-O 10. e3 Ne4 11. Bb5 Ne7 12. Bxd6 Qxd6 13. O-O Ng6 14. Bd3 f5 15. Nf4 Ne7 16. Bc2 Ba6 17. Re1 g5 18. Bxe4 gxf4 19. Bd3 Bxd3 20. Qxd3 fxg3 21. hxg3 Ng6 22. c4 Rad8 23. dxc5 Qxc5 24. cxd5 Rxd5 25. Qb3 Rc8 26. Rad1 Ne7 27. e4 fxe4 28. Rxe4 Rxd1+ 29. Qxd1 Qc1 30. Qxc1 Rxc1+ 31. Kg2 Rc2 32. Rxe6 Kf8 33. a4 Rxb2 34. a5 bxa5 35. Ra6 Rb7 36. Nd4 Kg7 37. Rxa5 Ng6 38. Nc6 Rc7 39. Nxa7 Ne5 40. Nb5 Nf7 41. Nxc7 1-0


[Site "https://www.chess.com"]

[Event "Titled Tuesday Blitz January 10 Early 2023"]
[White "Howell, David W L"]
[Black "Melian, Juan Sebastian"]
[WhiteFideId "410608"]
[BlackFideId "3706575"]
[WhiteElo "2677"]
[BlackElo "2293"]
[Result "1-0"]
[Round "07"]
[TimeControl "180+2"]
[Date "2023.01.10"]
[WhiteClock "0:01:11"]
[BlackClock "0:01:00"]

1. e4 c5 2. Nf3 e6 3. Nc3 a6 4. g3 b5 5. Bg2 Bb7 6. Qe2 Qc7 7. O-O Nf6 8. d3 d6 9. Bf4 Nbd7 10. Rad1 Be7 11. a4 b4 12. Nb1 O-O 13. Nbd2 h6 14. e5 dxe5 15. Bxe5 Nxe5 16. Qxe5 Bd6 17. Qe2 Bc6 18. Ra1 Nd7 19. Nc4 Nb6 20. Nxb6 Qxb6 21. Nd2 Rad8 22. Nc4 Qc7 23. Bxc6 Qxc6 24. Qe4 Qc7 25. Rae1 Be7 26. f4 Bf6 27. Re2 Bxb2 28. Nxb2 1-0


[Site "https://www.chess.com"]

[Event "Titled Tuesday Blitz January 10 Early 2023"]
[White "Rustemov, Alexander"]
[Black "Seemann, Jakub"]
[WhiteFideId "4119002"]
[BlackFideId "21874697"]
[WhiteElo "2525"]
[BlackElo "2446"]
[Result "0-1"]
[Round "07"]
[TimeControl "180+2"]
[Date "2023.01.10"]
[WhiteClock "0:00:04"]
[BlackClock "0:00:05"]

1. d4 e6 2. c4 Nf6 3. Nf3 d5 4. cxd5 exd5 5. Nc3 c6 6. Bf4 Bg4 7. e3 Bd6 8. Bxd6 Qxd6 9. h3 Bxf3 10. Qxf3 O-O 11. Bd3 Nbd7 12. O-O a5 13. Rab1 a4 14. a3 b5 15. Ne2 Nb6 16. Qf4 Qxf4 17. Nxf4 Rfe8 18. Rfc1 Nc4 19. Rc2 Nd7 20. Bf1 g6 21. Nd3 f5 22. g3 Kg7 23. Re1 h6 24. Rce2 h5 25. f4 Nf6 26. Ne5 Rac8 27. Bg2 Ne4 28. Kh2 Ned6 29. Bf3 Nxe5 30. dxe5 Nc4 31. g4 hxg4 32. hxg4 fxg4 33. Bxg4 Rb8 34. Bd7 Rh8+ 35. Kg3 Rb6 36. Rg1 Kf7 37. Kf3 Ke7 38. Bg4 b4 39. axb4 Rxb4 40. Ra1 Ra8 41. Ra2 Rab8 42. Rh2 Rf8 43. e6 Ne5+ 44. Kg3 Nxg4 45. Kxg4 Kxe6 46. Rh6 Kf6 47. Kf3 c5 48. Kg4 Rfb8 49. Ra1 Re4 50. Rd1 d4 51. exd4 Rxd4 52. Rc1 Rbb4 53. Rxc5 Rxf4+ 54. Kg3 Rg4+ 55. Kf3 Rgc4 56. Rxc4 Rxc4 57. Rh8 Rb4 58. Ra8 Kg5 59. Ra5+ Kh4 60. Ra8 Rb3+ 61. Ke4 Rxb2 62. Rxa4 g5 63. Kf3+ Kh3 64. Ra8 g4+ 65. Kf4 Rf2+ 66. Ke3 Rf7 67. Rh8+ Kg2 68. Rg8 g3 69. Rg6 Kh2 70. Rh6+ Kg1 71. Rg6 g2 72. Ke2 Re7+ 73. Kf3 Kf1 74. Rxg2 Rf7+ 75. Kg3 Rg7+ 76. Kh2 Rxg2+ 77. Kh1 Rg3 78. Kh2 Re3 0-1


[Site "https://www.chess.com"]

[Event "Titled Tuesday Blitz January 10 Early 2023"]
[White "Pak, Yevgeniy"]
[Black "Bilych, Olexiy"]
[WhiteFideId "14201712"]
[BlackFideId "14156504"]
[WhiteElo "2384"]
[BlackElo "2441"]
[Result "1/2-1/2"]
[Round "07"]
[TimeControl "180+2"]
[Date "2023.01.10"]
[WhiteClock "0:00:04"]
[BlackClock "0:00:06"]

1. e4 e5 2. Bc4 Nf6 3. d3 c6 4. Nf3 d5 5. Bb3 Bb4+ 6. c3 Bd6 7. Nbd2 O-O 8. O-O a5 9. Re1 Re8 10. h3 Na6 11. d4 dxe4 12. Nxe4 Nxe4 13. Rxe4 Bf5 14. Re1 exd4 15. Nxd4 Bg6 16. Be3 Nc5 17. Bc2 Qf6 18. Nf3 Bh5 19. Qd4 Qxd4 20. Nxd4 Bg6 21. Nf5 Bf8 22. g4 Rad8 23. Rad1 f6 24. b4 axb4 25. cxb4 Ne6 26. Bb3 Rxd1 27. Rxd1 Bf7 28. a3 Rd8 29. Re1 Nc7 30. Bxf7+ Kxf7 31. Bb6 Rd7 32. Bxc7 Rxc7 33. Kg2 g6 34. Ne3 Rd7 35. Rb1 Rd4 36. Rb3 Ke6 37. Kf3 f5 38. Rc3 Bd6 39. gxf5+ gxf5 40. Nc4 Rf4+ 41. Ke2 Bc7 42. Re3+ Kf6 43. Nd2 Bb6 44. Rf3 Rd4 45. Nb3 Rd5 46. a4 Ke5 47. Rc3 f4 48. a5 Ba7 49. Nd2 Kf5 50. Nf3 h5 51. Rc4 Rd7 52. a6 Re7+ 53. Kd3 bxa6 54. Rxc6 Bxf2 55. Rxa6 Re3+ 56. Kd2 Rxf3 57. Ke2 Rxh3 58. Kxf2 Rb3 59. Rb6 h4 60. Rb8 h3 61. b5 Rb2+ 62. Kg1 Kg4 63. b6 Kf3 64. b7 Rb1+ 65. Kh2 Ke3 66. Re8+ Kf2 67. b8=Q Rxb8 68. Rxb8 f3 69. Re8 Kf1 70. Kxh3 f2 71. Rg8 Ke1 72. Re8+ Kf1 73. Kg3 Kg1 74. Rf8 f1=Q 75. Rxf1+ Kxf1 1/2-1/2


[Site "https://www.chess.com"]

[Event "Titled Tuesday Blitz January 10 Early 2023"]
[White "Tan, Zhongyi"]
[Black "Golubev, Mikhail"]
[WhiteFideId "8603642"]
[BlackFideId "14100983"]
[WhiteElo "2517"]
[BlackElo "2461"]
[Result "1-0"]
[Round "07"]
[TimeControl "180+2"]
[Date "2023.01.10"]
[WhiteClock "0:00:31"]
[BlackClock "0:00:01"]

1. e4 c5 2. Nf3 d6 3. d4 cxd4 4. Qxd4 Nf6 5. c4 Nc6 6. Qe3 g6 7. Nc3 Bg7 8. h3 O-O 9. Be2 Be6 10. O-O Qb6 11. Rb1 Rfc8 12. b3 Nd7 13. Nd5 Qxe3 14. Bxe3 Nc5 15. Nd2 Bxd5 16. exd5 Nd4 17. Bg4 Rc7 18. Kh2 h5 19. Bd1 Nf5 20. Bxc5 dxc5 21. Ne4 Nd6 22. Re1 Be5+ 23. g3 Nxe4 24. Rxe4 Bd6 25. Kg2 Kg7 26. Bc2 a6 27. a4 Kf6 28. Rbe1 Rh8 29. Bd3 Kg7 30. f4 Rf8 31. g4 hxg4 32. hxg4 Rh8 33. f5 gxf5 34. gxf5 Kf6 35. Rh1 Rxh1 36. Kxh1 Rc8 37. Rh4 Rg8 38. Rh6+ Ke5 39. Rh7 Rg3 40. Bc2 1-0


[Site "https://www.chess.com"]

[Event "Titled Tuesday Blitz January 10 Early 2023"]
[White "Borges Feria, Yasel"]
[Black "Lymar, Vladislav"]
[WhiteFideId "3504921"]
[BlackFideId "14162180"]
[WhiteElo "2439"]
[BlackElo "2119"]
[Result "1-0"]
[Round "07"]
[TimeControl "180+2"]
[Date "2023.01.10"]
[WhiteClock "0:01:04"]
[BlackClock "0:00:32"]

1. e4 Nc6 2. Nf3 d5 3. exd5 Qxd5 4. Nc3 Qh5 5. d3 Bg4 6. Be2 O-O-O 7. Be3 e5 8. Nd2 Bxe2 9. Qxe2 Qg6 10. O-O f5 11. Nb3 f4 12. Bd2 Nf6 13. Rfe1 h5 14. Ne4 h4 15. h3 Kb8 16. Bc3 Nd5 17. Qf3 Be7 18. Rad1 Bf6 19. a3 Qf7 20. Nbd2 g5 21. Qg4 Rhg8 22. Nf3 Nxc3 23. bxc3 Be7 24. Ra1 Qd5 25. a4 Qa5 26. Nfd2 Rde8 27. Nc4 Qd5 28. Reb1 a6 29. Ncd2 Rg6 30. Nf3 Bd8 31. Nxh4 Rgg8 32. Nf3 Ne7 33. Nf6 Qc5 34. Nd7+ 1-0


[Site "https://www.chess.com"]

[Event "Titled Tuesday Blitz January 10 Early 2023"]
[White "Tanenbaum, Zachary"]
[Black "Mendez Fortes, Eduardo Jesus"]
[WhiteFideId "2060850"]
[BlackFideId "3502376"]
[WhiteElo "2261"]
[BlackElo "2250"]
[Result "1-0"]
[Round "07"]
[TimeControl "180+2"]
[Date "2023.01.10"]
[WhiteClock "0:00:05"]
[BlackClock "0:00:08"]

1. e4 e5 2. Nf3 Nc6 3. Bc4 Nf6 4. d3 Bc5 5. c3 O-O 6. Nbd2 d6 7. a4 Bb6 8. O-O a6 9. h3 Ne7 10. d4 Ng6 11. Re1 c6 12. Bb3 Re8 13. Nc4 Bc7 14. dxe5 dxe5 15. Qe2 b5 16. axb5 cxb5 17. Rd1 Qe7 18. Ne3 Nf4 19. Qf1 Nxe4 20. Nd5 Qc5 21. Be3 Qc6 22. Nxf4 exf4 23. Bd5 Qg6 24. Bxa8 fxe3 25. Bxe4 Qxe4 26. fxe3 Qxe3+ 27. Qf2 Qh6 28. Re1 Rf8 29. Nd4 Qg6 30. Qf3 h5 31. Re3 h4 32. Rf1 Bg3 33. Nf5 Bxf5 34. Qxf5 Qb6 35. Qe4 b4 36. cxb4 Rb8 37. Qe7 f6 38. Qe6+ Qxe6 39. Rxe6 Rxb4 40. Re2 Be5 41. Ra1 Bxb2 42. Rxa6 Bd4+ 43. Kf1 Be5 44. Rc2 Re4 45. Ra8+ Kh7 46. Rac8 Bg3 47. Rc1 Ra4 48. R8c4 Ra2 49. R4c2 Ra5 50. Rd1 Kg6 51. Ke2 Re5+ 52. Kf3 Rf5+ 53. Ke2 Re5+ 54. Kf1 Kg5 55. Re2 Rf5+ 56. Kg1 Ra5 57. Red2 f5 58. Rd7 g6 59. R7d5 Ra6 60. R5d3 Bf4 61. Rf3 Re6 62. Kf1 Bg3 63. Rfd3 Kh5 64. R3d2 g5 65. Rd8 g4 66. Rh8+ Kg5 67. Rg8+ Kf4 68. hxg4 fxg4 69. Rd4+ Kf5 70. Rd5+ Ke4 71. Rd1 Kf4 72. Rf8+ Kg5 73. Rg8+ Kf5 74. Rf8+ Kg6 75. Rfd8 Bf4 76. R8d4 Kg5 77. Rd5+ Kg6 78. R5d3 Rf6 79. Ke2 Kg5 80. Rd5+ Kg6 81. R1d4 h3 82. gxh3 gxh3 83. Rd1 h2 84. Rh1 Bd6 85. Rdd1 Kf7 86. Rdf1 Rxf1 87. Kxf1 Ke6 88. Kg2 Kf5 89. Rf1+ Kg4 90. Rd1 Bf4 91. Rd4 Kf5 92. Rd5+ Ke4 93. Rd8 Kf5 94. Rf8+ Kg4 95. Rg8+ Kf5 96. Rh8 Ke4 97. Kf2 Kf5 98. Kf3 Ke5 99. Rh5+ Bg5 100. Rxg5+ Kf6 101. Rh5 Kg6 102. Rxh2 Kf6 103. Rh5 1-0


[Site "https://www.chess.com"]

[Event "Titled Tuesday Blitz January 10 Early 2023"]
[White "Fiorito, Francisco"]
[Black "Weetik, Vjacheslav"]
[WhiteFideId "180165"]
[BlackFideId "4153472"]
[WhiteElo "2305"]
[BlackElo "2423"]
[Result "0-1"]
[Round "07"]
[TimeControl "180+2"]
[Date "2023.01.10"]
[WhiteClock "0:00:04"]
[BlackClock "0:00:06"]

1. Nf3 Nf6 2. g3 d5 3. Bg2 Bf5 4. O-O e6 5. b3 h6 6. Bb2 Nbd7 7. d3 Bh7 8. Nbd2 Be7 9. Qe1 O-O 10. e4 c6 11. Qe2 a5 12. a4 Qb8 13. Rfe1 Rc8 14. Nd4 Nc5 15. e5 Nfd7 16. f4 b5 17. axb5 cxb5 18. N2f3 b4 19. g4 a4 20. f5 Bf8 21. g5 Bxf5 22. Nxf5 exf5 23. gxh6 g6 24. h7+ Kxh7 25. Ng5+ Kg8 26. e6 fxe6 27. Nxe6 Qd6 28. Nxc5 Qxc5+ 29. Kh1 Re8 30. Qf3 a3 31. Qxd5+ Qxd5 32. Bxd5+ Kh7 33. Bd4 Rxe1+ 34. Rxe1 Rd8 35. Bc4 Nc5 36. Ba1 Rd7 37. Kg2 Bg7 38. Bb5 Rc7 39. d4 Ne4 40. Bd3 Nc3 41. Kf3 Bxd4 42. h4 Re7 43. Rxe7+ Kh6 44. Rb7 a2 45. Rxb4 Ne2 46. Bxd4 Nxd4+ 47. Rxd4 a1=Q 48. Rc4 Qh1+ 49. Ke3 Qg1+ 50. Kd2 Qf2+ 51. Kc3 f4 52. Rc6 Qe1+ 53. Kc4 f3 54. Rxg6+ Kh5 55. Rf6 f2 56. Rf5+ Kxh4 57. b4 Kg3 58. b5 Qe6+ 59. Rd5 Qe1 60. Rg5+ Kf4 61. Rg6 Ke3 62. Re6+ Kd2 63. Rf6 Kc1 64. b6 Kb2 0-1


[Site "https://www.chess.com"]

[Event "Titled Tuesday Blitz January 10 Early 2023"]
[White "Iskusnyh, Sergei"]
[Black "Goryachkina, Aleksandra"]
[WhiteFideId "4120027"]
[BlackFideId "4147103"]
[WhiteElo "2440"]
[BlackElo "2571"]
[Result "1-0"]
[Round "07"]
[TimeControl "180+2"]
[Date "2023.01.10"]
[WhiteClock "0:00:07"]
[BlackClock "0:00:03"]

1. d4 Nf6 2. c4 e6 3. g3 d5 4. Bg2 Be7 5. Nf3 O-O 6. O-O dxc4 7. Qa4 a6 8. Qxc4 b5 9. Qc2 Bb7 10. Bd2 Ra7 11. Rc1 Be4 12. Qd1 b4 13. Be1 c5 14. Nbd2 Bxf3 15. Nxf3 Rd7 16. Qb3 cxd4 17. Bxb4 Bxb4 18. Qxb4 Rd6 19. Ne5 Rb6 20. Qa3 Qd6 21. Qxd6 Rxd6 22. Rc7 Rdd8 23. Rac1 Nfd7 24. Nd3 e5 25. Rb7 f5 26. Rcc7 Rfe8 27. b4 Kf8 28. Nc5 Re7 29. Nxd7+ Nxd7 30. Bc6 Ke8 31. Kf1 e4 32. Ke1 g5 33. a4 1-0


[Site "https://www.chess.com"]

[Event "Titled Tuesday Blitz January 10 Early 2023"]
[White "Gurevich, Dmitry"]
[Black "Boyer, Mahel"]
[WhiteFideId "2000407"]
[BlackFideId "45102422"]
[WhiteElo "2393"]
[BlackElo "2489"]
[Result "1-0"]
[Round "07"]
[TimeControl "180+2"]
[Date "2023.01.10"]
[WhiteClock "0:00:51"]
[BlackClock "0:00:01"]

1. d4 d6 2. Nf3 Nd7 3. e4 e5 4. Bc4 Be7 5. dxe5 dxe5 6. Ng5 Bxg5 7. Qh5 g6 8. Qxg5 Qxg5 9. Bxg5 f6 10. Be3 Nb6 11. Bb3 h5 12. a4 Bd7 13. a5 Nc8 14. Nc3 Nge7 15. O-O Nd6 16. f4 a6 17. fxe5 fxe5 18. Bg5 Rh7 19. Rad1 O-O-O 20. Rf6 Re8 21. Be6 Nc6 22. Bxd7+ Rxd7 23. Rxg6 Nxa5 24. b3 Nc6 25. Be3 Rf7 26. Rh6 1-0


[Site "https://www.chess.com"]

[Event "Titled Tuesday Blitz January 10 Early 2023"]
[White "Wagner, Dennis"]
[Black "Fisher_TheGalactic"]
[WhiteFideId "24650684"]
[WhiteElo "2595"]
[BlackElo "2530"]
[Result "1-0"]
[Round "07"]
[TimeControl "180+2"]
[Date "2023.01.10"]
[WhiteClock "0:00:14"]
[BlackClock "0:00:02"]

1. d4 b6 2. e4 Bb7 3. Bd3 e6 4. Nf3 d5 5. e5 c5 6. c3 Nc6 7. O-O h6 8. Re1 Qc7 9. h3 Nge7 10. a3 c4 11. Bc2 O-O-O 12. Bf4 Kb8 13. Nbd2 Na5 14. a4 Nec6 15. Bg3 Be7 16. Nf1 Ka8 17. Ne3 g6 18. Nd2 h5 19. Qf3 Rhf8 20. Bf4 Rh8 21. Bh2 Rhf8 22. g4 hxg4 23. hxg4 Bg5 24. Kg2 Rh8 25. Rh1 Rh4 26. Bg3 Rxh1 27. Rxh1 Rf8 28. Rh7 Nxd4 29. cxd4 c3 30. bxc3 Qxc3 31. Rxf7 Rc8 32. Ndf1 Qxd4 33. Bxg6 Qxa4 34. Bf4 Nc4 35. Bxg5 Nxe3+ 36. Bxe3 Rg8 37. Rf8+ Rxf8 38. Qxf8+ Bc8 39. Qxc8# 1-0


[Site "https://www.chess.com"]